 Dungeon Crawl Stone Soup version 0.30-a0-12-gd8047c6341 (webtiles) character file.

Game seed: 8965107737638575613

2263 Turgor the Magician (level 9, -1/71 HPs)
             Began as a Gnoll Warper on Aug 21, 2022.
             Was a Believer of Cheibriados.
             Succumbed to an orc warrior's poison
             ... on level 8 of the Dungeon on Aug 23, 2022.
             The game lasted 00:34:59 (8242 turns).

Turgor the Magician (Gnoll Warper)                  Turns: 8242, Time: 00:35:00

Health: -1/71      AC: 16    Str: 15    XL:     9   Next: 38%
Magic:  19/19      EV: 14    Int: 28    God:    Cheibriados [**....]
Gold:   76         SH:  0    Dex: 17    Spells: 9/21 levels left

rFire   . . .      SeeInvis +    t - +0 war axe
rCold   . . .      Faith    .    (no shield)
rNeg    + . .      Spirit   .    u - +3 ring mail
rPois   .          Reflect  .    F - +0 helmet {SInv}
rElec   .          Harm     .    x - +1 cloak
rCorr   .          Rampage  .    a - +1 pair of gloves {hurl}
Will    .....                    i - +0 pair of boots
Stlth   ++........               (no amulet)
HPRegen 0.21/turn                s - ring of positive energy
MPRegen 0.16/turn                J - +6 ring of intelligence

@: lethally poisoned (-1 -> -22), very slow
A: fangs 1, strong nose, distributed training
a: Renounce Religion, Bend Time


You were on level 8 of the Dungeon.
You worshipped Cheibriados.
Cheibriados was pleased with you.
You visited 2 branches of the dungeon, and saw 9 of its levels.

You collected 321 gold pieces.
You spent 245 gold pieces at shops.

Inventory:

Hand Weapons
 t - a +0 war axe (weapon)
 y - a +2 flail of holy wrath
Armour
 a - a +1 pair of gloves of hurling (worn)
 i - a +0 pair of boots (worn)
 u - a +3 ring mail (worn)
 x - a +1 cloak (worn)
 A - a +0 kite shield
 F - a +0 helmet of see invisible (worn)
 K - a +0 cloak of willpower
Jewellery
 s - a ring of positive energy (left hand)
 E - a ring of resist corrosion
 J - a +6 ring of intelligence (right hand)
Wands
 I - a wand of digging (3)
Scrolls
 b - 2 scrolls of torment {unknown}
 c - a scroll of blinking
 e - a scroll of acquirement {unknown}
 g - a scroll of vulnerability {unknown}
 h - a scroll of butterflies
 o - 2 scrolls of summoning {unknown}
 q - 2 scrolls of enchant weapon {unknown}
 r - 2 scrolls of teleportation
 v - 2 scrolls of immolation
 w - 3 scrolls of fear {unknown}
 C - a scroll of amnesia {unknown}
 G - a scroll of magic mapping {unknown}
 H - a scroll of poison {unknown}
Potions
 f - 3 potions of cancellation
 j - a potion of ambrosia {unknown}
 k - a potion of mutation
 l - 2 potions of flight
 m - a potion of resistance
 n - 3 potions of curing
 p - a potion of berserk rage {unknown}
 z - a potion of attraction
 B - a potion of lignification {unknown}
 D - a potion of brilliance {unknown}


   Skills:
 + Level 6.4 Fighting
 + Level 4.3 Short Blades
 + Level 4.3 Long Blades
 + Level 6.4 Axes
 + Level 4.3 Maces & Flails
 + Level 4.3 Polearms
 + Level 4.3 Staves
 + Level 4.3 Ranged Weapons
 + Level 5.1 Throwing
 + Level 5.1 Armour
 + Level 6.4 Dodging
 + Level 4.3 Stealth
 + Level 4.3 Shields
 + Level 4.3 Unarmed Combat
 + Level 6.7 Spellcasting
 + Level 3.6 Conjurations
 + Level 3.6 Hexes
 + Level 3.6 Summonings
 + Level 3.6 Necromancy
 + Level 6.6 Translocations
 + Level 3.6 Transmutations
 + Level 3.6 Fire Magic
 + Level 3.6 Ice Magic
 + Level 3.6 Air Magic
 + Level 3.6 Earth Magic
 + Level 3.6 Poison Magic
 + Level 4.8 Invocations
 + Level 4.3 Evocations


You had 9 spell levels left.
You knew the following spells:

 Your Spells              Type           Power      Damage    Failure   Level
a - Blink                 Tloc           92%        N/A       1%          2
b - Lesser Beckoning      Tloc           46%        N/A       1%          3
c - Passwall              Tmut/Erth      24%        N/A       3%          2
d - Manifold Assault      Tloc           46%        N/A       19%         5

Your spell library contained the following spells:

 Spells                   Type           Power      Damage    Failure   Level
 Gell's Gravitas          Tloc           46%        N/A       1%          3
 Teleport Other           Tloc           46%        N/A       1%          3
 Sandblast                Erth           58%        2d13      2%          1
 Slow                     Hex            100%       N/A       2%          1
 Confusing Touch          Hex            29%        N/A       7%          3
 Stone Arrow              Conj/Erth      58%        3d10      7%          3
 Vampiric Draining        Necr           29%        2d8       7%          3
 Corpse Rot               Necr/Pois/Air  29%        N/A       24%         4
 Dispel Undead            Necr           29%        3d13      24%         4
 Death Channel            Necr           14%        N/A       98%         6


Dungeon Overview and Level Annotations

Branches:
Dungeon (8/15)             Temple (1/1) D:4
   Lair: D:8-11

Altars:
Ashenzari
Cheibriados
Dithmenos
Elyvilon
Gozag
Hepliaklqana
Qazlal
Ru
Sif Muna
Zin

Shops:
D:1 *   D:3 *

Annotations:
D:5 2 runed translucent doors, QuickerDeath's ghost, novice DgHu


Innate Abilities, Weirdness & Mutations

You have very sharp teeth.
Your uncanny sense of smell can sniff out nearby items.
Your experience applies equally to all skills.


Message History

You feel very sick.
The orc warrior hits you with a +1 short sword of venom.
* * * LOW HITPOINT WARNING * * *
You are more poisoned.
You feel better. The orc warrior closely misses you.
Okay, then.
Throw: throwing net
Press: ? - help, Q - select action, (/) - cycle Shift-Dir - straight line, f - orc warrior
Aim: an orc warrior, wielding a +1 short sword of venom and wearing a +2 plate armour of willpower (moderately wounded, 69% to hit)
You throw a throwing net.
The throwing net closely misses the orc warrior.
The orc warrior hits you with a +1 short sword of venom.
* * * LOW HITPOINT WARNING * * *
You are poisoned.
You hit the orc warrior.
The orc warrior is moderately wounded.
You feel very sick. The orc warrior misses you.
You hit the orc warrior. Your bite misses the orc warrior.
The orc warrior is heavily wounded.
You feel sick.
The orc warrior hits you with a +1 short sword of venom.
* * * LOW HITPOINT WARNING * * *
You barely miss the orc warrior.
The orc warrior is heavily wounded.
You feel sick.
The orc warrior hits you but does no damage.
You are lethally poisoned!
You closely miss the orc warrior.
You bite the orc warrior, but do no damage.
The orc warrior is heavily wounded.
* * * LOW HITPOINT WARNING * * *
You feel very sick.
The orc warrior hits you with a +1 short sword of venom.
* * * LOW HITPOINT WARNING * * *
You are more poisoned.
Unknown command.
You hit the orc warrior.
The orc warrior is severely wounded.
You die...

###########...#......#
#....#......#
#....#......#
#....'.....(#
###+##......#
#...........#
#...........#
#......o....#
#.....@)....#
########.....# #.....#
#.....# #.....#
........ ∆........
.......


You could see an orc warrior.

Vanquished Creatures
  A gargoyle (D:7)
  A water moccasin (D:6)
  An ice beast (D:7)
  3 black bears
  An orc warrior (D:6)
  A sky beast (D:7)
  A centaur (D:5)
  2 bullfrogs
  3 scorpions
  4 howler monkeys
  4 hounds
  A jelly (D:4)
  4 orc priests
  Jessica (D:3)
  2 iguanas
  7 orc wizards
  3 gnolls (D:5)
  5 adders
  2 white imps
  3 dart slugs
  22 orcs
  6 endoplasms
  4 giant cockroaches
  8 goblins
  8 hobgoblins
  2 quokkas (D:1)
  6 ball pythons
  6 bats
  3 frilled lizards
  5 kobolds
  A rat (D:2)
121 creatures vanquished.

Vanquished Creatures (others)
  A phantom (D:5)
  A giant cockroach (D:1)
2 creatures vanquished.

Grand Total: 123 creatures vanquished

Notes
Turn   | Place    | Note
-------+----------+-------------------------------------------
     0 | D:1      | Turgor the Gnoll Warper began the quest for the Orb.
     0 | D:1      | Reached XP level 1. HP: 20/20 MP: 6/6
   170 | D:1      | Found Zeicwa's General Store.
   224 | D:1      | Reached XP level 2. HP: 26/26 MP: 7/7
   227 | D:1      | Learned a level 2 spell: Blink
   627 | D:1      | You fall into a shaft and drop 1 floor!
  1159 | D:2      | Reached skill level 5 in Spellcasting
  1159 | D:2      | Reached skill level 1 in Invocations
  1159 | D:2      | Reached XP level 3. HP: 9/31 MP: 7/9
  1419 | D:2      | Reached skill level 1 in Short Blades
  1419 | D:2      | Reached skill level 1 in Long Blades
  1419 | D:2      | Reached skill level 1 in Maces & Flails
  1419 | D:2      | Reached skill level 1 in Polearms
  1419 | D:2      | Reached skill level 1 in Staves
  1419 | D:2      | Reached skill level 1 in Ranged Weapons
  1419 | D:2      | Reached skill level 1 in Stealth
  1419 | D:2      | Reached skill level 1 in Shields
  1419 | D:2      | Reached skill level 1 in Unarmed Combat
  1419 | D:2      | Reached skill level 1 in Evocations
  1423 | D:2      | Learned a level 3 spell: Lesser Beckoning
  1715 | D:2      | Reached XP level 4. HP: 37/38 MP: 11/11
  2282 | D:3      | Found Nefuh's Assorted Antiques.
  2283 | D:3      | Noticed Jessica
  2315 | D:3      | Killed Jessica
  2316 | D:3      | Reached skill level 1 in Conjurations
  2316 | D:3      | Reached skill level 1 in Hexes
  2316 | D:3      | Reached skill level 1 in Summonings
  2316 | D:3      | Reached skill level 1 in Necromancy
  2316 | D:3      | Reached skill level 1 in Transmutations
  2316 | D:3      | Reached skill level 1 in Fire Magic
  2316 | D:3      | Reached skill level 1 in Ice Magic
  2316 | D:3      | Reached skill level 1 in Air Magic
  2316 | D:3      | Reached skill level 1 in Earth Magic
  2316 | D:3      | Reached skill level 1 in Poison Magic
  2571 | D:3      | Learned a level 2 spell: Passwall
  3337 | D:4      | Found a shimmering blue altar of Sif Muna.
  3340 | D:4      | Found a glowing silver altar of Zin.
  3343 | D:4      | Found a stormy altar of Qazlal.
  3382 | D:4      | Reached XP level 5. HP: 43/43 MP: 12/12
  3603 | D:1      | Bought a potion of degeneration for 10 gold pieces
  3603 | D:1      | Bought a scroll of butterflies for 40 gold pieces
  3603 | D:1      | Bought a potion of curing for 30 gold pieces
  3603 | D:1      | Bought a scroll of immolation for 40 gold pieces
  3603 | D:1      | Bought a scroll of noise for 10 gold pieces
  3785 | D:4      | Found a staircase to the Ecumenical Temple.
  3799 | Temple   | Entered the Ecumenical Temple
  3816 | Temple   | Became a worshipper of Cheibriados the Contemplative
  3987 | D:4      | Noticed a black bear
  3998 | D:4      | Killed a black bear
  3999 | D:4      | Reached skill level 5 in Fighting
  3999 | D:4      | Reached skill level 5 in Axes
  3999 | D:4      | Reached skill level 5 in Dodging
  3999 | D:4      | Reached XP level 6. HP: 35/51 MP: 14/14
  4229 | D:5      | Entered Level 5 of the Dungeon
  4229 | D:5      | Found a large runed translucent door.
  4238 | D:5      | Found a large runed translucent door.
  4505 | D:5      | Reached XP level 7. HP: 44/56 MP: 15/15
  4931 | D:5      | Reached * piety under Cheibriados
  5160 | D:5      | Reached XP level 8. HP: 60/63 MP: 16/16
  5233 | D:5      | Noticed QuickerDeath's ghost (novice DgHu)
  5836 | D:6      | Reached ** piety under Cheibriados
  6822 | D:1      | Bought a +0 helmet of see invisible for 115 gold pieces
  7216 | D:7      | Reached XP level 9. HP: 60/69 MP: 18/18
  7313 | D:7      | Reached skill level 5 in Throwing
  7313 | D:7      | Reached skill level 5 in Armour
  7324 | D:7      | Noticed a gargoyle
  7333 | D:7      | Noticed a gargoyle
  7363 | D:7      | Noticed a gargoyle
  7369 | D:7      | Noticed a gargoyle
  7608 | D:7      | Learned a level 5 spell: Manifold Assault
  7637 | D:7      | Upgraded the game from 0.30-a0-4-ga7cffc901d to
                  | 0.30-a0-12-gd8047c6341
  7657 | D:7      | Killed a gargoyle
  8241 | D:8      | HP: 2/71 [orc warrior/+1 short sword of venom (3)]
  8242 | D:8      | Succumbed to an orc warrior's poison

Illustrated notes

Levels and vault maps discovered:
D:1:      spicycebolla_arrival_ecumenical, layout_basic, serial_shops, shop,
          lemuel_old_faithful
D:2:      layout_loops_corners
D:3:      layout_basic, serial_shops, nicolae_shop_overgrown_old_shop,
          uniq_jessica
D:4:      black_bear_nest_1, layout_cave_pools, grunt_temple_overflow_diamond,
          minmay_temple_entry_overgrown, serial_glass, glass_columns_a,
          glass_columns_b, due_unseen_surprise, minmay_strange_pillars
D:5:      corexii_shantytown, layout_cave_pools, ebering_ghost_disaster_area
D:6:      layout_loops_ring
D:7:      cheibrodos_statue_roulette, layout_loops_ring, st_stairs_8
D:8:      layout_gridville, erik_lair_island
Temple:   nicolae_temple_bog_church

Skill      XL: |  1  2  3  4  5  6  7  8  9 |
---------------+----------------------------+-----
Spellcasting   | 5 6 |  6.7
Invocations    | 1 2 3 4 |  4.8
Short Blades   | 1 2 3 4 |  4.3
Long Blades    | 1 2 3 4 |  4.3
Maces & Flails | 1 2 3 4 |  4.3
Polearms       | 1 2 3 4 |  4.3
Staves         | 1 2 3 4 |  4.3
Ranged Weapons | 1 2 3 4 |  4.3
Stealth        | 1 2 3 4 |  4.3
Shields        | 1 2 3 4 |  4.3
Unarmed Combat | 1 2 3 4 |  4.3
Evocations     | 1 2 3 4 |  4.3
Conjurations   | 1 2 3 |  3.6
Hexes          | 1 2 3 |  3.6
Summonings     | 1 2 3 |  3.6
Necromancy     | 1 2 3 |  3.6
Transmutations | 1 2 3 |  3.6
Fire Magic     | 1 2 3 |  3.6
Ice Magic      | 1 2 3 |  3.6
Air Magic      | 1 2 3 |  3.6
Earth Magic    | 1 2 3 |  3.6
Poison Magic   | 1 2 3 |  3.6
Throwing       | 3 4 5 |  5.1
Armour         | 3 4 5 |  5.1
Fighting       | 5 6 |  6.4
Axes           | 5 6 |  6.4
Dodging        | 5 6 |  6.4
Translocations | 6 |  6.6

Action                   |  1- 3 |  4- 6 |  7- 9 || total
-------------------------+-------+-------+-------++-------
Melee: Hand axe          |    85 |    48 |       ||   133
       Bite              |    13 |    15 |    37 ||    65
       War axe           |       |    71 |   372 ||   443
       Punch             |       |     2 |     6 ||     8
Throw: Boomerang         |     1 |     4 |     2 ||     7
       Throwing net      |       |       |     4 ||     4
 Cast: Blink             |       |       |     2 ||     2
       Lesser Beckoning  |       |       |     1 ||     1
  Use: Scroll            |       |     5 |     5 ||    10
       Potion            |       |       |     5 ||     5
 Stab: Sleeping          |       |       |     4 ||     4
       Held in net/web   |       |       |     2 ||     2
Armor: Leather armour    |    27 |    27 |       ||    54
       Ring mail         |       |    32 |   241 ||   273
Dodge: Dodged            |    65 |    77 |   244 ||   386

Table legend: (Time is in decaauts)
 A = Elapsed time spent in this place.
 B = Non-inter-level travel time spent in this place.
 C = Inter-level travel time spent in this place.
 D = Time resting spent in this place.
 E = Time spent auto-exploring this place.
 F = Levels seen in this place.
 G = Mean time per level.
                   A        B        C        D        E       F      G
               +--------+--------+--------+--------+--------+-----+--------+
         Total |   9230 |   8550 |    680 |    568 |   6262 |   9 | 1025.6 |
       Dungeon |   9205 |   8531 |    674 |    568 |   6262 |   8 | 1150.6 |
        Temple |     25 |     19 |      6 |      0 |      0 |   1 |   25.0 |
               +--------+--------+--------+--------+--------+-----+--------+

Top non-repeatable levels by time:
     D:6: 1605 daAuts
     D:5: 1492 daAuts
     D:2: 1414 daAuts
     D:3: 1176 daAuts
     D:7: 1144 daAuts
     D:1: 1044 daAuts
     D:4: 963 daAuts
     D:8: 363 daAuts
  Temple: 25 daAuts
